 Dungeon Crawl Stone Soup version 0.25-a0-875-geaba134f46 (webtiles) character file.

Game seed: 2861806871130970614, levelgen mode: classic

153 EnegeticOcto the Skirmisher (level 5, 0/37 HPs)
             Began as an Octopode Fighter on May 1, 2020.
             Slain by an orc
             ... wielding a +0 mace
              (4 damage)
             ... on level 3 of the Dungeon.
             The game lasted 00:01:13 (2481 turns).

EnegeticOcto the Skirmisher (Octopode Fighter)      Turns: 2481, Time: 00:01:14

Health: 0/37       AC:  1    Str: 12    XL:     5   Next: 35%
Magic:  5/5        EV: 12    Int: 11    God:
Gold:   107        SH:  8    Dex: 11    Spells: 4/4 levels left

rFire    . . .     SeeInvis .   a - +0 rapier
rCold    . . .     Gourm    .   b - +0 kite shield
rNeg     . . .     Faith    .   (helmet restricted)
rPois    .         Spirit   .   (no amulet)
rElec    .         Reflect  .   s - -4 ring of strength (curse)
rCorr    .         Harm     .   (no ring)
MR       .....                  (no ring)
Stlth    ++........             (no ring)
HPRegen  0.12/turn              (no ring)
MPRegen  0.09/turn              (no ring)
                                (no ring)
                                (no ring)

@: no status effects
A: almost no armour, stealthy swim, amphibious, 8 rings, constrict 8, camouflage
1, gelatinous body 1
a: no special abilities


You were on level 3 of the Dungeon.
You were not hungry.

You visited 1 branch of the dungeon, and saw 3 of its levels.

You collected 107 gold pieces.

Inventory:

Hand Weapons
 a - a +0 rapier (weapon)
Missiles
 r - 6 curare-tipped darts (quivered)
Armour
 b - a +0 kite shield (worn)
Jewellery
 s - a cursed -4 ring of strength (left tentacle)
Scrolls
 d - a scroll of magic mapping {unknown}
 f - 2 scrolls of identify {unknown}
 j - a scroll of teleportation {unknown}
 l - a scroll of random uselessness {unknown}
 q - a scroll of fear {unknown}
Potions
 c - a potion of flight {unknown}
 g - a potion of haste {unknown}
 h - 3 potions of curing {unknown}
 i - a potion of degeneration {unknown}
 k - 2 potions of might {@q3}
 m - a potion of mutation {unknown}
 n - a potion of heal wounds {unknown}
 o - 2 potions of brilliance {unknown}
 p - a potion of resistance {unknown}
Comestibles
 e - 4 rations


   Skills:
 + Level 3.7 Fighting
 * Level 3.7 Short Blades
 + Level 3.7 Dodging
 + Level 3.6 Shields


You had 4 spell levels left.
You didn't know any spells.
Your spell library was empty.

Dungeon Overview and Level Annotations

Branches:
Dungeon (3/15)

Altars:

Annotations:
D:3 1 transporter


Innate Abilities, Weirdness & Mutations

You cannot wear most types of armour.
You are very stealthy in the water. (Stealth+)
You are amphibious.
You can wear up to eight rings at the same time.
You can use your tentacles to constrict eight enemies at once.
Your skin changes colour to match your surroundings (Stealth+).
Your rubbery body absorbs attacks. (AC +1, EV +1)


Message History

The adder is moderately wounded.
You constrict the adder.
You feel sick. The adder completely misses you. The adder closely misses you.
You hit the adder.
You squeeze the adder, but do no damage.
The adder is almost dead.
You constrict the adder.
You kill the adder!
No target in view!
No target in view!
No target in view!
No target in view!
No target in view!
No target in view!
No target in view!
You feel sick.
A rat comes into view.
A rat is nearby!
A rat is nearby!
A rat is nearby!
A rat is nearby!
You feel sick.
Found a transporter.
A worm comes into view.
You feel sick.
A rat comes into view.
You feel sick.
Found a stone staircase leading down. 2 orcs come into view.
You hit the worm. You grab the worm.
The worm is moderately wounded.
You constrict the worm. The worm closely misses you.
You puncture the worm!
The worm is almost dead.
You constrict the worm.
You kill the worm! 2 orcs come into view.
You feel sick.
The orc shouts!
A hobgoblin comes into view. It is wielding a +0 club.
Found 11 gold pieces.
There are monsters nearby!
There are monsters nearby!
There are monsters nearby!
You closely miss the orc.
The hobgoblin shouts!
The orc shouts!
You grab the orc. You squeeze the orc, but do no damage. You constrict the orc.
The orc barely misses you.
You hit the orc.
The orc is moderately wounded.
You constrict the orc. The orc hits you with a +0 hand axe.
You hit the orc.
You kill the orc!
You feel sick.
You are no longer poisoned.
The orc hits you with a +0 mace. The rat barely misses you.
The orc closely misses you. You block the orc's attack.
You hit the orc but do no damage. You grab the orc. You constrict the orc.
The rat bites you. The orc hits you with a +0 mace. You block the orc's attack.
The orc hits you with a +0 dagger.
You are too injured to fight recklessly!
You are too injured to fight recklessly!
You are too injured to fight recklessly!
You are too injured to fight recklessly!
You are too injured to fight recklessly!
You are too injured to fight recklessly!
You are too injured to fight recklessly!
You are too injured to fight recklessly!
You are too injured to fight recklessly!
You are too injured to fight recklessly!
You are too injured to fight recklessly!
You are too injured to fight recklessly!
You are too injured to fight recklessly!
You are too injured to fight recklessly!
You are too injured to fight recklessly!
You are too injured to fight recklessly!
You are too injured to fight recklessly!
You are too injured to fight recklessly!
You hit the orc.
The orc is heavily wounded.
You constrict the orc.
You kill the orc!
You block the rat's attack. The orc hits you with a +0 mace.
* * * LOW HITPOINT WARNING * * *
You block the orc's attack.
You barely miss the orc. You grab the orc. You constrict the orc.
You block the rat's attack. You block the orc's attack.
The orc hits you with a +0 mace!
* * * LOW HITPOINT WARNING * * *
You release your grip on the orc.
You block the rat's attack. The orc misses you.
You barely miss the rat. Your grab misses the rat. The rat misses you.
You hit the rat but do no damage. You grab the rat. You constrict the rat.
You block the rat's attack.
You hit the rat.
You kill the rat!
You hit the orc. Your grab misses the orc.
The orc is severely wounded.
The orc hits you with a +0 mace.
You die...

####### #......#########
................
.............# ##########
...>..).....g#####....>...
......).....oo@....##..#
.............#####.....# #.
....................##.#
##.
..........##......#........
..
...............)..####.####
#. $..........##..<.......#
#. ............#..###.#####
####. ................
#.....# #.... ...
.......#####.####....


You could see 2 orcs and a hobgoblin.

Vanquished Creatures
  3 adders
  4 gnolls
  2 worms (D:3)
  3 dart slugs
  3 leopard geckos
  2 orcs (D:3)
  2 giant cockroaches (D:1)
  6 goblins
  9 hobgoblins
  4 jackals (D:2)
  A ball python (D:1)
  13 bats
  5 frilled lizards
  8 kobolds
  6 rats
71 creatures vanquished.

Notes
Turn   | Place    | Note
-------+----------+-------------------------------------------
     0 | D:1      | EnegeticOcto the Octopode Fighter began the quest for the
                  | Orb.
     0 | D:1      | Reached XP level 1. HP: 16/16 MP: 1/1
    65 | D:1      | Reached XP level 2. HP: 21/21 MP: 2/2
   356 | D:1      | Reached XP level 3. HP: 26/26 MP: 3/3
   900 | D:2      | Reached XP level 4. HP: 31/31 MP: 4/4
  2001 | D:2      | HP: 1/32 [gnoll/+0 club (8)]
  2311 | D:3      | Reached XP level 5. HP: 27/37 MP: 5/5
  2453 | D:3      | Found a transporter.
  2481 | D:3      | Slain by an orc

Levels and vault maps discovered:
D:1:      minmay_arrival_four_circles, layout_loops_cross, minmay_octomino_j4
D:2:      layout_loops_corners, serial_co_window_serial,
          co_window_of_opportunity_a, co_window_paths_a, co_window_corner_a,
          co_window_paths_b, co_window_of_opportunity_a, co_window_corner_a,
          co_window_cross_2, co_window_2corner, co_window_unsneaky_path_d,
          co_window_2corner, glass_columns_a, glass_columns_b, glass_columns_b,
          glass_columns_a, glass_columns_a, chequers_serial_rivers_micro_a,
          kennysheep_generic_room_12
D:3:      gammafunk_wand_slinger, layout_rooms

Skill      XL: |  1  2  3 |
---------------+----------+-----
Short Blades   | 3 |  3.7
Fighting       | |  3.7
Dodging        | |  3.7
Shields        | |  3.6

Action                   |  1- 3 |  4- 6 || total
-------------------------+-------+-------++-------
Melee: Rapier            |    68 |    71 ||   139
       Constrict         |    24 |    16 ||    40
       Tentacles         |    11 |     8 ||    19
 Stab: Sleeping          |     8 |     4 ||    12
  Eat: Chunk             |       |     5 ||     5
Armor: Skin              |     4 |     3 ||     7
Dodge: Dodged            |    32 |    42 ||    74
Block: Kite shield       |    21 |    24 ||    45

Table legend:
 A = Non-vault XP
 B = Vault XP
 C = Vault XP percentage of total XP
 D = Non-vault monster count
 E = Vault monster count
 F = Vault count percentage of total count
                 A         B        C        D         E       F
            +---------+---------+-------+---------+---------+-------
      Total |     216 |       3 |   1.4 |      69 |       2 |   2.8
            +---------+---------+-------+---------+---------+-------
        D:1 |      43 |       3 |   6.5 |      25 |       2 |   7.4
        D:2 |      79 |       0 |   0.0 |      29 |       0 |   0.0
        D:3 |      94 |       0 |   0.0 |      15 |       0 |   0.0
            +---------+---------+-------+---------+---------+-------
